 Dungeon Crawl Stone Soup version 0.27.1-35-g4d5d836560 (console) character file.

Game seed: 18298581707084177026

42 grimtooth the Skirmisher (level 3, -1/29 HPs)
             Began as a Demonspawn Abyssal Knight on June 5, 2022.
             Was a Follower of Lugonu.
             Slain by a water moccasin zombie (7 damage)
             ... on level 3 of the Dungeon.
             The game lasted 00:05:38 (1147 turns).

grimtooth the Skirmisher (DsAK)                     Turns: 1147, Time: 00:05:38

Health: -1/29      AC:  3    Str: 13    XL:     3   Next: 33%
Magic:  4/4        EV: 11    Int: 13    God:    Lugonu [*.....]
Gold:   39         SH:  0    Dex: 12    Spells: 2/2 levels left

rFire    . . .     SeeInvis .   a - +1 mace
rCold    . . .     Faith    .   (no shield)
rNeg     . . .     Spirit   .   k - +0 leather armour
rPois    .         Reflect  .   (no helmet)
rElec    .         Harm     .   (no cloak)
rCorr    .         Rampage  .   (no gloves)
Will     .....                  (no boots)
Stlth    +.........             (no amulet)
HPRegen  0.09/turn              (no ring)
MPRegen  0.09/turn              (no ring)

@: no status effects
A: demonic magic 1
a: Renounce Religion, Depart the Abyss


You were on level 3 of the Dungeon.
You worshipped Lugonu.
Lugonu was aware of your devotion.
You visited 1 branch of the dungeon, and saw 3 of its levels.
You visited the Abyss 1 time.

You collected 39 gold pieces.

Inventory:

Hand Weapons
 a - a +1 mace (weapon)
 b - a +0 hunting sling
Missiles
 e - 9 stones
Armour
 k - a +0 leather armour (worn)
 m - a +0 buckler
Scrolls
 d - a scroll of amnesia {unknown}
 h - a scroll of fear {unknown}
 j - a scroll of torment {unknown}
 n - a scroll of noise {unknown}
Potions
 c - a potion of brilliance {unknown}
 f - a potion of heal wounds {unknown}
 g - a potion of might {unknown}
 i - 2 potions of curing {unknown}
 l - 2 potions of lignification {unknown}


   Skills:
 + Level 3.5 Fighting
 * Level 3.0 Maces & Flails
 - Level 1.7 Armour
 - Level 0.8 Dodging
 - Level 2.4 Invocations


You had 2 spell levels left.
You didn't know any spells.
Your spell library contained the following spells:

 Spells                   Type           Power      Damage    Failure   Level
 Pain                     Necr           0%         1d4       36%         1
 Sting                    Tmut/Pois      0%         1d3       36%         1
 Poisonous Vapours        Pois/Air       0%         N/A       52%         2
 Slow                     Hex            0%         N/A       52%         2
 Confusing Touch          Hex            0%         N/A       75%         3
 Vampiric Draining        Necr           0%         2d6       75%         3
 Olgreb's Toxic Radiance  Pois           0%         N/A       98%         4
 Agony                    Necr           0%         N/A       100%        5
 Excruciating Wounds      Necr           0%         N/A       100%        5


Dungeon Overview and Level Annotations

Branches:
Dungeon (3/15)

Altars:

Annotations:
D:2 Robin, Sigmund


Innate Abilities, Weirdness & Mutations

Spells you cast may paralyse adjacent enemies.


Message History

Aim: a water moccasin zombie (lightly damaged, 57% to hit)
You shoot a stone.
The stone closely misses the water moccasin zombie.
Fire: 11 stones
Press: ? - help, Q - select action, (/) - cycle Shift-Dir - straight line, f/p - water moccasin zombie
Aim: a water moccasin zombie (lightly damaged, 57% to hit)
You shoot a stone.
The stone hits the water moccasin zombie but does no damage.
The water moccasin zombie is lightly damaged.
Fire: 10 stones
Press: ? - help, Q - select action, (/) - cycle Shift-Dir - straight line, f/p - water moccasin zombie
Aim: a water moccasin zombie (lightly damaged, 57% to hit)
You shoot a stone.
The stone barely misses the water moccasin zombie.
The water moccasin zombie closely misses you.
a - a +1 mace (weapon)
You sock the water moccasin zombie!
The water moccasin zombie is moderately damaged.
The water moccasin zombie barely misses you.
The water moccasin zombie bites you.
You hit the water moccasin zombie.
The water moccasin zombie is moderately damaged.
The water moccasin zombie closely misses you.
The water moccasin zombie bites you.
You hit the water moccasin zombie.
The water moccasin zombie is moderately damaged.
The water moccasin zombie barely misses you.
You closely miss the water moccasin zombie.
The water moccasin zombie is moderately damaged.
The water moccasin zombie bites you. x2
* * * LOW HITPOINT WARNING * * *
You hit the water moccasin zombie.
The water moccasin zombie is moderately damaged.
The water moccasin zombie bites you.
* * * LOW HITPOINT WARNING * * *
You hit the water moccasin zombie.
The water moccasin zombie is heavily damaged.
The water moccasin zombie bites you but does no damage.
The water moccasin zombie bites you!
You die...

##############
.............#
.............##
...............
...(((Z@....?#
.............#
.............#
.............#
.....?.......#
...............
..#........#...
..#.######....#


You could see a water moccasin zombie.

Vanquished Creatures
  A dart slug (D:1)
  2 endoplasms
  3 giant cockroaches (D:1)
  10 goblins
  4 hobgoblins (D:1)
  3 kobolds (D:1)
  3 ball pythons
  4 bats (D:1)
  A frilled lizard (D:2)
  2 rats (D:1)
33 creatures vanquished.

Notes
Turn   | Place    | Note
-------+----------+-------------------------------------------
     0 | Abyss:1  | grimtooth the Demonspawn Abyssal Knight began the quest for
                  | the Orb.
     0 | Abyss:1  | Reached XP level 1. HP: 18/18 MP: 2/2
    61 | Abyss:1  | Noticed an ancient zyme
    62 | D:1      | Escaped the Abyss
    99 | D:1      | Reached * piety under Lugonu
   118 | D:1      | Gained mutation: Spells you cast may paralyse adjacent
                  | enemies. [demonic ancestry]
   118 | D:1      | Reached XP level 2. HP: 13/24 MP: 3/3
   711 | D:1      | Found a faded altar of an unknown god.
   771 | D:2      | Noticed Robin
   813 | D:2      | Reached XP level 3. HP: 29/29 MP: 4/4
  1111 | D:2      | Noticed Sigmund
  1147 | D:3      | Slain by a water moccasin zombie

Illustrated notes

Levels and vault maps discovered:
D:1:      co_arrival_random_square_maze, layout_basic,
          shapermc_ecumenical_altar_hornbeckon
D:2:      minmay_diamond_boxcup, layout_basic, uniq_robin, uniq_sigmund
D:3:      layout_basic, general_overflow_altar, serial_shops,
          nicolae_shop_behind_doors

Skill      XL: |  1  2  3 |
---------------+----------+-----
Maces & Flails | 2 3 |  3.0
Fighting       | |  3.5
Armour         | |  1.7
Dodging        | |  0.8
Invocations    | |  2.4

Action                   || total
-------------------------++-------
Melee: Mace              ||    61
 Fire: Hunting sling     ||    16
Invok: Depart the Abyss  ||     1
Armor: Leather armour    ||    12
Dodge: Dodged            ||    39
